 Dungeon Crawl Stone Soup version 0.17.0-28-g6e173f8 (webtiles) character file.

898 septik the Firebug (level 8, -10/41 HPs)
             Began as a Kobold Fire Elementalist on Nov 26, 2015.
             Killed from afar by a crimson imp (39 damage)
             ... with an exploding inner flame
             ... hexed by the player character
             ... on level 5 of the Dungeon.
             The game lasted 00:14:50 (4731 turns).

septik the Firebug (Kobold Fire Elementalist)       Turns: 4731, Time: 00:14:51

Health: -10/41     AC:  6    Str:  9    XL:     8   Next: 28%
Magic:  15/15      EV: 15    Int: 13    God:
Gold:   227        SH:  0    Dex: 16    Spells: 4 memorised, 3 levels left

rFire  . . .     SeeInvis .     C - +1 whip (freeze)
rCold  . . .     Clarity  .     a - +0 robe
rNeg   . . .     SustAt   .     (shield restricted)
rPois  .         Gourm    .     B - +0 helmet
rElec  .         Spirit   .     x - +1 cloak
rCorr  .         Warding  .     l - +0 pair of gloves
rMut   .         Stasis   .     (no boots)
MR     .....                    (no amulet)
Stlth  ++........               (no ring)
                                (no ring)

@: not resistant to hostile enchantments, unstealthy
A: carnivore 3
a: no special abilities


You were on level 5 of the Dungeon.
You were completely stuffed.

You visited 1 branch of the dungeon, and saw 5 of its levels.

You collected 227 gold pieces.

Inventory:

Hand Weapons
 g - a +0 whip
 n - a +1 dagger of draining
 t - a +0 hunting sling
 C - a +1 whip of freezing (weapon)
Missiles
 q - 174 stones (quivered)
 v - 2 throwing nets
 G - 9 poisoned needles
Armour
 a - a +0 robe (worn)
 l - a +0 pair of gloves (worn)
 x - a +1 cloak (worn)
 B - a +0 helmet (worn)
Magical Staves
 E - an uncursed staff of conjuration
Wands
 o - a wand of confusion (24)
Scrolls
 e - 2 scrolls of magic mapping
 j - a scroll of enchant armour {unknown}
 k - a scroll of teleportation {unknown}
 m - 4 scrolls of identify
 p - 3 scrolls of amnesia
 y - a scroll of remove curse
 F - a scroll of blinking {unknown}
Potions
 d - a potion of heal wounds
 f - a potion of lignification {unknown}
 h - 4 potions of curing {unknown}
 r - a potion of haste
 u - 3 potions of poison {unknown}
 w - a potion of might {unknown}
 z - 2 potions of degeneration {unknown}
 A - a potion of ambrosia {unknown}
Books
 b - a book of Flames

   Spells                             Type                      Level
   a - Flame Tongue                   Conjuration/Fire             1
   b - Throw Flame                    Conjuration/Fire             2
   c - Conjure Flame                  Conjuration/Fire             3
   d - Inner Flame                    Hexes/Fire                   3
   e - Sticky Flame                   Conjuration/Fire             4
   f - Fireball                       Conjuration/Fire             5
Comestibles
 c - a meat ration
 i - a royal jelly
 D - a beef jerky
 H - a chunk of flesh


   Skills:
 - Level 2.4 Dodging
 - Level 2.6 Stealth
 + Level 4.9 Spellcasting
 * Level 4.6 Conjurations
 * Level 6.0 Fire Magic


You had 3 spell levels left.
You knew the following spells:

 Your Spells              Type           Power        Failure   Level  Hunger
a - Flame Tongue          Conj/Fire      ###..        1%          1    None
b - Conjure Flame         Conj/Fire      ###.....     8%          3    ###....
c - Sticky Flame          Conj/Fire      ###.....     21%         4    ####...
d - Fireball              Conj/Fire      ###.......   63%         5    ######.


Dungeon Overview and Level Annotations

Branches:
Dungeon (5/15)
 Temple: D:4-7

Altars:
Sif Muna


Innate Abilities, Weirdness & Mutations

You are small and have problems with some larger weapons.
You are carnivorous and can eat meat at any time.


Message History

The crimson imp is severely wounded.
The crimson imp hits you but does no damage.
You closely miss the crimson imp.
The crimson imp is severely wounded.
The crimson imp closely misses you.
You miss the crimson imp.
The crimson imp is heavily wounded.
The crimson imp hits you but does no damage.
The crimson imp closely misses you.
You barely miss the crimson imp.
The crimson imp is moderately wounded.
The crimson imp barely misses you.
You hit the crimson imp. You freeze the crimson imp.
The crimson imp is almost dead.
The crimson imp hits you.
You hit the crimson imp. You freeze the crimson imp.
The crimson imp explodes!
The fiery explosion engulfs you!
Ouch! That really hurt!
You die...

,,,,,,**,**,***#.#.##
,,,,,,,,,##.####.?..##
*,,,,,,*,............#
***,**,*,#...###.....#
*,**,,,....###.#.#.#
**,**,,,..........#.#
**,,,**,,#######.###.#
*,*,,,,,,* ##§###.#
**,*,**,**#####§@.##.##
**,***,**#...§§§.....#
****,,,*#.###...##..#
*,,,,,,* ##.###<.#
*,,,**,* #.# #..#
******,* #.# #..# *,*
*#.# #..# *,* *..# #..#
*,* *.#* #..#


There were no monsters in sight!

Vanquished Creatures
  Pikel (D:4)
  A sky beast (D:3)
  A hound (D:4)
  An orc wizard (D:3)
  2 worker ants
  Natasha (twice) (D:3)
  An iguana (D:4)
  4 adders
  9 gnolls
  2 oozes (D:1)
  2 worms
  4 giant geckos
  5 orcs
  A ball python (D:2)
  5 giant cockroaches
  6 goblins
  4 hobgoblins
  3 bats
  4 giant newts
  3 jackals (D:1)
  5 kobolds
  A quokka (D:3)
  A quokka skeleton (D:4)
  7 rats
75 creatures vanquished.

Vanquished Creatures (others)
  A worker ant (D:4)
  4 orcs (D:4)
5 creatures vanquished.

Grand Total: 80 creatures vanquished

Notes
Turn   | Place    | Note
--------------------------------------------------------------
     0 | D:1      | septik the Kobold Fire Elementalist began the quest for the Orb.
     0 | D:1      | Reached XP level 1. HP: 10/10 MP: 3/3
    77 | D:1      | Reached skill level 1 in Conjurations
   208 | D:1      | Reached XP level 2. HP: 15/15 MP: 1/5
   608 | D:1      | Reached XP level 3. HP: 19/19 MP: 1/6
   865 | D:1      | You fall through a shaft!
  1462 | D:2      | Learned a level 3 spell: Conjure Flame
  1830 | D:3      | Reached XP level 4. HP: 24/24 MP: 6/8
  1926 | D:3      | Noticed Natasha
  1938 | D:3      | Killed Natasha
  2056 | D:3      | Learned a level 4 spell: Sticky Flame
  2087 | D:3      | Found a deep blue altar of Sif Muna.
  2153 | D:3      | Reached XP level 5. HP: 28/28 MP: 1/9
  2184 | D:3      | Reached skill level 4 in Fire Magic
  2196 | D:3      | Noticed Natasha
  2259 | D:3      | Killed Natasha
  2360 | D:3      | Noticed a sky beast
  2972 | D:3      | Killed a sky beast
  2972 | D:3      | Reached XP level 6. HP: 26/32 MP: 5/11
  3418 | D:4      | Noticed a slave
  3649 | D:4      | Noticed Pikel
  3649 | D:4      | Noticed a slave
  3649 | D:4      | Noticed a slave
  3650 | D:4      | Noticed a slave
  3671 | D:4      | Killed Pikel
  3671 | D:4      | Reached skill level 5 in Fire Magic
  3671 | D:4      | Reached XP level 7. HP: 36/36 MP: 0/14
  3671 | D:4      | Reached XP level 8. HP: 41/41 MP: 0/15
  3997 | D:4      | Learned a level 5 spell: Fireball
  4213 | D:5      | Entered Level 5 of the Dungeon
  4230 | D:5      | Reached skill level 6 in Fire Magic
  4731 | D:5      | Killed from afar by a crimson imp

Action                   |  1- 3 |  4- 6 |  7- 9 || total
-------------------------+-------+-------+-------++-------
Melee: Whip              |    14 |       |    13 ||    27
       Unarmed           |     1 |       |       ||     1
       Dagger            |    43 |    50 |    34 ||   127
       Staff             |       |       |    38 ||    38
 Fire: Hunting sling     |     5 |    20 |       ||    25
Throw: Stone             |       |     2 |     1 ||     3
 Cast: Flame Tongue      |    29 |    57 |    20 ||   106
       Conjure Flame     |       |     4 |       ||     4
  Use: Scroll            |       |       |     5 ||     5
 Stab: Sleeping          |     7 |     6 |     3 ||    16
  Eat: Chunk             |    12 |     6 |     4 ||    22
